 Dungeon Crawl Stone Soup version 0.30-a0-739-gea05faddec (webtiles) character file.

Game seed: 12940940086135406976

7464 Crownlay the Geomancer (level 11, -1/64 HPs)
             Began as a Gargoyle Earth Elementalist on Feb 4, 2023.
             Was a Follower of Sif Muna.
             Killed from afar by an acid dragon (38 damage)
             ... with a splash of acid
             ... on level 9 of the Dungeon.
             The game lasted 00:18:52 (9089 turns).

Crownlay the Geomancer (GrEE)                       Turns: 9089, Time: 00:18:53

Health: -1/64      AC: 12    Str: 13    XL:     11   Next: 15%
Magic:  8/23       EV: 11    Int: 25    God:    Sif Muna [*.....]
Gold:   517        SH:  5    Dex: 10    Spells: 22/26 levels left

rFire   . . .      SeeInvis .    g - +4 dagger (venom)
rCold   . . .      Faith    .    (no shield)
rNeg    + . .      Spirit   .    a - +0 robe
rPois   ∞          Reflect  +    z - +0 helmet
rElec   +          Harm     .    (no cloak)
rCorr   .          Rampage  .    D - +0 pair of gloves
Will    .....                    (no boots)
Stlth   ++                       I - amulet of reflection
HPRegen 0.30/turn                E - +4 ring of protection
MPRegen 0.18/turn                h - +6 ring of intelligence

@: corroded
A: sickness immunity, AC +8, negative energy resistance 1, electricity
resistance, torment resistance 1, petrification resistance
a: Renounce Religion, Channel Magic


You were on level 9 of the Dungeon.
You worshipped Sif Muna.
Sif Muna was aware of your devotion.
You visited 2 branches of the dungeon, and saw 10 of its levels.

You collected 517 gold pieces.

Inventory:

Hand Weapons
 g - a +4 dagger of venom (weapon)
 G - a +3 spear of venom
Armour
 a - a +0 robe (worn)
 z - a +0 helmet (worn)
 D - a +0 pair of gloves (worn)
Jewellery
 c - a ring of see invisible
 h - a +6 ring of intelligence (right hand)
 B - a ring of fire
 E - a +4 ring of protection (left hand)
 I - an amulet of reflection (around neck)
Wands
 d - a wand of paralysis (5)
 o - a wand of polymorph (7)
 q - a wand of mindburst (8)
 y - a wand of flame (41)
Scrolls
 f - 2 scrolls of immolation {unknown}
 i - a scroll of identify
 j - a scroll of acquirement {unknown}
 l - a scroll of fog {unknown}
 m - 2 scrolls of blinking {unknown}
 n - a scroll of amnesia {unknown}
 p - 3 scrolls of fear
 s - 3 scrolls of poison
 u - a scroll of teleportation {unknown}
 w - 3 scrolls of magic mapping
Potions
 b - 3 potions of magic
 e - a potion of ambrosia {unknown}
 k - a potion of attraction {unknown}
 r - 2 potions of brilliance {unknown}
 t - a potion of resistance {unknown}
 v - a potion of haste {unknown}
 x - a potion of curing
 A - 3 potions of heal wounds {unknown}
 C - 2 potions of flight {unknown}
 H - a potion of mutation {unknown}


   Skills:
 + Level 5.5 Fighting
 - Level 1.5 Dodging
 - Level 2.1 Stealth
 - Level 8.0 Spellcasting
 + Level 2.0 Conjurations
 - Level 4.0 Summonings
 - Level 0.7 Transmutations
 - Level 12.0 Earth Magic
 * Level 6.7 Invocations
 - Level 5.0 Evocations


You had 22 spell levels left.
You knew the following spells:

 Your Spells              Type           Power      Damage    Failure   Level
a - Sandblast             Erth           100%       2d20      1%          1
b - Stone Arrow           Conj/Erth      90%        3d12      1%          3

Your spell library contained the following spells:

 Spells                   Type           Power      Damage    Failure   Level
 Passwall                 Tmut/Erth      34%        N/A       1%          2
 Petrify                  Tmut/Erth      41%        N/A       4%          4
 Sting                    Tmut/Pois      44%        1d5       5%          1
 Ensorcelled Hibernation  Hex/Ice        20%        N/A       9%          2
 Poisonous Vapours        Pois/Air       20%        N/A       9%          2
 Swiftness                Air            10%        N/A       19%         3
 Olgreb's Toxic Radiance  Pois           10%        N/A       52%         4


Dungeon Overview and Level Annotations

Branches:
Dungeon (9/15)             Temple (1/1) D:7            Lair (0/5) D:9
    Orc: D:9-12

Altars:
Ashenzari
Cheibriados
Dithmenos
Elyvilon
Fedhas
Gozag
Hepliaklqana
Kikubaaqudgha
Makhleb
Nemelex Xobeh
Okawaru
Qazlal
Ru
Sif Muna
Uskayaw
Vehumet
Wu Jian
Yredelemnul
Zin
The Shining One

Shops:
D:2 :   D:5 (   D:7 (   D:8 [   D:9 (

Annotations:
D:4 1 runed translucent door
D:8 3 runed translucent doors, gabibbone's ghost, novice DrTm
D:9 3 runed translucent doors, Absynth's ghost, novice DECj


Innate Abilities, Weirdness & Mutations

You are immune to sickness and miasma.
Your stone body is resilient. (AC +8)
You are immune to poison.
You resist negative energy. (rN+)
You are resistant to electric shocks. (rElec)
You are resistant to unholy torment.
You are immune to petrification.


Message History

Aim: a wight, wielding a +0 short sword and wearing a +0 robe (76% to hit)
The stone arrow hits the wight!
The wight is severely damaged.
Casting: Stone Arrow (safe; 1% risk of failure)
Confirm with . or Enter, or press ? or * to list all spells.
Aiming: Stone Arrow (safe; 1% risk of failure)
Press: ? - help, Shift-Dir - straight line, f/p - wight
Aim: a wight, wielding a +0 short sword and wearing a +0 robe (severely damaged, 76% to hit)
The stone arrow misses the wight.
A wight comes into view. It is wielding a +3 long sword.
You block the wight's attack.
Casting: Stone Arrow (safe; 1% risk of failure)
Confirm with . or Enter, or press ? or * to list all spells.
Aiming: Stone Arrow (safe; 1% risk of failure)
Press: ? - help, Shift-Dir - straight line, f/p - wight
Aim: a wight, wielding a +0 short sword and wearing a +0 robe (severely damaged, 76% to hit)
The stone arrow hits the wight!!
You destroy the wight!
Sif Muna accepts your kill.
Casting: Stone Arrow (safe; 1% risk of failure)
Confirm with . or Enter, or press ? or * to list all spells.
Aiming: Stone Arrow (safe; 1% risk of failure)
Press: ? - help, Shift-Dir - straight line, f - acid dragon
Aim: an acid dragon (76% to hit)
The stone arrow hits the acid dragon!
The acid dragon is heavily wounded.
A wight comes into view. It is wielding a +0 mace.
The acid dragon bites you but does no damage.
The acid dragon claws you but does no damage.
Casting: Stone Arrow (safe; 1% risk of failure)
Confirm with . or Enter, or press ? or * to list all spells.
Aiming: Sandblast (safe; 1% risk of failure)
Press: ? - help, Shift-Dir - straight line, f/p - acid dragon
Aim: an acid dragon (heavily wounded, 85% to hit)
The blast of sand hits the acid dragon!
The acid dragon is almost dead.
The acid dragon spits acid at you. The splash of acid hits you!!!
Ouch! That really hurt!
You die...

.# # ## .. . #.#.# .# ####
zz.##?# #... ### ...... #.## #>#
#...####. #.## #.#### #z..^.∩..
#... .....##### #D# #..#
####.....# ##@## #..# # #.###.#
#...# #... #÷###.# #...# #..#
#...#.# #...# ########.##
##.#.#.## #...#####....)..)##
###.......# #...#...#.#####..##
.....(.##.#####...#...#.##...)...
.##....##...............##......#
....................[.......#....


You could see an acid dragon (catching breath) and 3 wights.

Vanquished Creatures
  Pikel (D:4)
  Maurice (D:9)
  A gargoyle (D:5)
  A troll (D:9)
  Grinder (D:5)
  2 wraiths
  11 yaks (D:9)
  A wyvern (D:7)
  A steam dragon (D:6)
  2 acid dragons
  An orc warrior (D:8)
  2 sky beasts (D:7)
  An ice beast (D:6)
  3 ogres
  A black bear (D:5)
  3 centaurs
  A lemure (D:4)
  6 kobold brigands
  2 necrophages (D:6)
  4 bullfrogs
  2 scorpions
  4 wights
  19 killer bees
  2 jellies
  An orc priest (D:7)
  A hound (D:6)
  A gnoll bouda (D:7)
  4 iguanas
  4 orc wizards
  20 gnolls
  4 adders
  A shadow imp (D:7)
  3 white imps
  An ufetubus (D:6)
  2 worms (D:2)
  5 dart slugs
  21 orcs
  10 endoplasms
  7 giant cockroaches
  6 goblins
  3 hobgoblins
  8 jackals
  43 kobolds
  3 quokkas
  8 ball pythons
  4 bats
  7 frilled lizards
  A kobold zombie (D:4)
  10 rats
251 creatures vanquished.

Notes
Turn   | Place    | Note
-------+----------+-------------------------------------------
     0 | D:1      | Crownlay the Gargoyle Earth Elementalist began the quest
                  | for the Orb.
     0 | D:1      | Reached XP level 1. HP: 10/10 MP: 3/3
   156 | D:1      | Reached skill level 4 in Earth Magic
   158 | D:1      | Reached XP level 2. HP: 15/15 MP: 0/5
   471 | D:1      | Reached XP level 3. HP: 18/19 MP: 0/6
   591 | D:1      | Reached skill level 5 in Earth Magic
   810 | D:1      | Found a faded altar of an unknown god.
  1238 | D:2      | Reached XP level 4. HP: 24/24 MP: 5/7
  1350 | D:2      | Found Mojim's Book Shoppe.
  1473 | D:2      | Identified the +1 hand axe of the Silly God {antimagic, rN+
                  | rCorr Str+4 Int-5}
  1604 | D:2      | Reached skill level 6 in Earth Magic
  2283 | D:3      | Reached skill level 7 in Earth Magic
  2283 | D:3      | Reached XP level 5. HP: 28/28 MP: 5/8
  2501 | D:3      | Noticed a kobold brigand
  2502 | D:3      | Noticed a kobold brigand
  2544 | D:3      | Killed a kobold brigand
  2545 | D:3      | Reached skill level 8 in Earth Magic
  2545 | D:3      | Reached XP level 6. HP: 32/32 MP: 0/9
  3093 | D:3      | Reached skill level 9 in Earth Magic
  3380 | D:3      | Reached XP level 7. HP: 36/36 MP: 6/10
  3566 | D:3      | Reached skill level 10 in Earth Magic
  3942 | D:4      | Noticed Pikel
  3949 | D:4      | Killed Pikel
  3950 | D:4      | Reached skill level 1 in Summonings
  3950 | D:4      | Reached XP level 8. HP: 34/46 MP: 3/13
  4121 | D:4      | Found a runed translucent door.
  4126 | D:4      | Learned a level 3 spell: Stone Arrow
  4126 | D:4      | Found a basalt altar of Yredelemnul.
  4842 | D:5      | Entered Level 5 of the Dungeon
  4866 | D:5      | Found Wehabyer's Antique Weapon Boutique.
  4868 | D:5      | Noticed Grinder
  4870 | D:5      | Paralysed by Grinder for 2 turns
  4876 | D:5      | Paralysed by Grinder for 2 turns
  4999 | D:5      | Paralysed by Grinder for 4 turns
  5003 | D:5      | Killed Grinder
  5353 | D:5      | Reached skill level 5 in Fighting
  5353 | D:5      | Reached XP level 9. HP: 54/54 MP: 13/15
  5412 | D:5      | Noticed a gargoyle
  5419 | D:5      | Killed a gargoyle
  5420 | D:5      | Reached skill level 5 in Spellcasting
  5709 | D:6      | Reached skill level 11 in Earth Magic
  6586 | D:7      | Found a staircase to the Ecumenical Temple.
  6625 | Temple   | Entered the Ecumenical Temple
  6751 | Temple   | Became a worshipper of Sif Muna the Loreminder
  6937 | D:7      | Reached skill level 1 in Invocations
  6937 | D:7      | Reached skill level 1 in Evocations
  6943 | D:7      | Reached XP level 10. HP: 43/59 MP: 16/20
  7085 | D:7      | Found Meufeops's Weapon Shop.
  7472 | D:8      | Reached skill level 12 in Earth Magic
  7682 | D:8      | Found Cheibriados's Comfort Zone.
  7682 | D:8      | Found a snail-covered altar of Cheibriados.
  7788 | D:8      | Found a runed translucent gate.
  7791 | D:8      | Found a runed translucent gate.
  7794 | D:8      | Found a runed translucent gate.
  7796 | D:8      | Noticed gabibbone's ghost (novice DrTm)
  7816 | D:8      | Reached * piety under Sif Muna
  8296 | D:9      | Noticed Maurice
  8300 | D:9      | Killed Maurice
  8389 | D:9      | Reached skill level 5 in Invocations
  8692 | D:9      | Reached skill level 5 in Evocations
  8767 | D:9      | Reached XP level 11. HP: 63/63 MP: 21/23
  8859 | D:9      | Reached skill level 1 in Conjurations
  8923 | D:9      | Found a staircase to the Lair.
  8957 | D:9      | Found a runed translucent gate.
  8958 | D:9      | Found a runed translucent gate.
  8958 | D:9      | Noticed Absynth's ghost (novice DECj)
  8959 | D:9      | Found a runed translucent gate.
  9080 | D:9      | Found Laerch's Antique Weapon Emporium.
  9089 | D:9      | Killed from afar by an acid dragon

Illustrated notes

Levels and vault maps discovered:
D:1:      minmay_arrival_open_corners, layout_loops_ring,
          ebering_ecumenical_altar_abandoned, grunt_decor_one_mirror
D:2:      layout_loops_cross, serial_shops, nicolae_shop_hallway_stairs
D:3:      minmay_goblin_kobold_castle, layout_basic, minmay_close_crescents
D:4:      layout_loops_ring, dk_yredelemnul_ordeal, uniq_pikel
D:5:      layout_basic, serial_shops, nicolae_stop_n_shop_2, st_stairs_1,
          uniq_grinder
D:6:      layout_loops_ring, hangedman_decor_diamond_cutter
D:7:      layout_rooms, minmay_temple_entry_slanted, serial_shops,
          nicolae_shop_trees
D:8:      layout_basic, gammafunk_ghost_necromancy, minmay_shop_chei,
          chequers_garden
D:9:      layout_loops_cross, lair_entry_dummy, gammafunk_ghost_nasty_kobolds,
          serial_shops, shop, uniq_maurice
Temple:   nicolae_temple_bog_church

Skill      XL: |  1  2  3  4  5  6  7  8  9 10 11 |
---------------+----------------------------------+-----
Earth Magic    | 4 5 7 8 9 10 11 12 | 12.0
Fighting       | 3 5 |  5.5
Spellcasting   | 3 4 6 8 |  8.0
Summonings     | 1 2 4 |  4.0
Invocations    | 1 5 6 |  6.7
Evocations     | 1 5 |  5.0
Conjurations   | 2 |  2.0
Dodging        | |  1.5
Stealth        | |  2.1
Transmutations | |  0.7

Action                     |  1- 3 |  4- 6 |  7- 9 | 10-12 || total
---------------------------+-------+-------+-------+-------++-------
  Melee: Unarmed           |    15 |       |       |       ||    15
         Punch             |     1 |       |       |       ||     1
         Dagger            |       |    15 |     8 |       ||    23
   Cast: Sandblast         |    58 |    97 |   129 |   111 ||   395
         Stone Arrow       |       |       |     4 |     8 ||    12
  Evoke: Wand              |       |     3 |       |       ||     3
    Use: Scroll            |       |       |     8 |     2 ||    10
 Armour: Robe              |     7 |     9 |    27 |    30 ||    73
  Dodge: Dodged            |    37 |    82 |    65 |    39 ||   223
  Block: Other             |       |       |       |    21 ||    21
         Reflection        |       |       |       |     4 ||     4

Table legend: (Time is in decaauts)
 A = Elapsed time spent in this place.
 B = Non-inter-level travel time spent in this place.
 C = Inter-level travel time spent in this place.
 D = Time resting spent in this place.
 E = Time spent auto-exploring this place.
 F = Levels seen in this place.
 G = Mean time per level.
                   A        B        C        D        E       F      G
               +--------+--------+--------+--------+--------+-----+--------+
         Total |   9323 |   9028 |    295 |      0 |   7451 |  10 |  932.3 |
       Dungeon |   9169 |   8911 |    258 |      0 |   7451 |   9 | 1018.8 |
        Temple |    154 |    117 |     37 |      0 |      0 |   1 |  154.0 |
               +--------+--------+--------+--------+--------+-----+--------+

Top non-repeatable levels by time:
     D:3: 2148 daAuts
     D:4: 1079 daAuts
     D:1: 1032 daAuts
     D:8: 976 daAuts
     D:6: 919 daAuts
     D:9: 842 daAuts
     D:2: 811 daAuts
     D:7: 683 daAuts
     D:5: 676 daAuts
  Temple: 154 daAuts
